 Dungeon Crawl Stone Soup version 0.30-a0-585-g93115170b9 (webtiles) character file.

Game seed: 10435468608855932986

809 pokeman the Thaumaturge (level 7, -1/38 HPs)
             Began as a Deep Elf Hedge Wizard on Jan 1, 2023.
             Was a Follower of Vehumet.
             Succumbed to a kobold brigand's curare-tipped dart
             ... in a bailey.
             The game lasted 00:09:40 (4829 turns).

pokeman the Thaumaturge (Deep Elf Hedge Wizard)     Turns: 4829, Time: 00:09:40

Health: -1/38      AC:  4    Str: 13    XL:     7   Next: 61%
Magic:  16/20      EV: 13    Int: 21    God:    Vehumet [*.....]
Gold:   272        SH:  0    Dex: 14    Spells: 14/22 levels left

rFire   . . .      SeeInvis .    k - +2 short sword (venom)
rCold   . . .      Faith    .    (no shield)
rNeg    . . .      Spirit   .    b - +0 robe
rPois   .          Reflect  .    r - +0 helmet
rElec   .          Harm     .    z - +0 cloak
rCorr   .          Rampage  .    (no gloves)
Will    +....                    (no boots)
Stlth   ++                       (no amulet)
HPRegen 0.26/turn                l - ring of willpower
MPRegen 0.17/turn                y - +6 ring of strength

@: lethally poisoned (-1 -> -22), very slightly contaminated, slowed, very slow
A: no striking features
a: Renounce Religion


You were in a bailey.
You worshipped Vehumet.
Vehumet was aware of your devotion.
You visited 1 branch of the dungeon, and saw 7 of its levels.
You also visited: Bailey.

You collected 272 gold pieces.

Inventory:

Hand Weapons
 k - a +2 short sword of venom (weapon)
Missiles
 A - 9 curare-tipped darts
Armour
 b - a +0 robe (worn)
 r - a +0 helmet (worn)
 w - a +0 buckler
 z - a +0 cloak (worn)
Jewellery
 e - an amulet of guardian spirit
 l - a ring of willpower (left hand)
 y - a +6 ring of strength (right hand)
Scrolls
 g - 3 scrolls of teleportation {unknown}
 h - 5 scrolls of identify {unknown}
 i - 2 scrolls of amnesia {unknown}
 j - a scroll of brand weapon {unknown}
 m - a scroll of enchant armour {unknown}
 n - a scroll of vulnerability {unknown}
 o - 2 scrolls of magic mapping {unknown}
 s - 2 scrolls of fog {unknown}
 t - 2 scrolls of immolation {unknown}
 u - a scroll of poison {unknown}
Potions
 a - a potion of curing {unknown}
 c - a potion of flight {unknown}
 d - a potion of magic
 f - a potion of invisibility {unknown}
 p - a potion of attraction {unknown}
 q - a potion of berserk rage {unknown}
 v - a potion of brilliance {unknown}
 x - 2 potions of mutation {unknown}


   Skills:
 - Level 1.0 Fighting
 - Level 1.0 Armour
 - Level 3.0 Dodging
 - Level 3.0 Stealth
 + Level 2.1 Shields
 * Level 8.4 Spellcasting
 + Level 4.1 Conjurations
 + Level 3.0 Summonings
 - Level 1.1 Translocations
 - Level 1.1 Air Magic
 - Level 1.0 Poison Magic


You had 14 spell levels left.
You knew the following spells:

 Your Spells              Type           Power      Damage    Failure   Level
a - Magic Dart            Conj           100%       1d8       1%          1
b - Mephitic Cloud        Conj/Pois/Air  17%        N/A       10%         3
c - Call Imp              Summ           21%        N/A       3%          2
d - Blink                 Tloc           26%        N/A       8%          2

Your spell library contained the following spells:

 Spells                   Type           Power      Damage    Failure   Level
 Shock                    Conj/Air       80%        1d8       2%          1
 Apportation              Tloc           26%        N/A       4%          1
 Slow                     Hex            32%        N/A       8%          1
 Cigotuvi's Dreadful Rot  Necr/Pois/Air  22%        N/A       9%          2
 Kindle Blastsparks       Fire/Tloc/Air  24%        2d12      17%         3
 Leda's Liquefaction      Hex/Erth       4%         N/A       58%         4
 Borgnjor's Vile Clutch   Necr/Erth      4%         N/A       91%         5
 Malign Gateway           Summ/Tloc      8%         N/A       100%        7


Dungeon Overview and Level Annotations

Branches:
Dungeon (8/15)             Bailey (1/1)
 Temple: D:4-7         Lair: D:8-11

Altars:
Nemelex Xobeh
Vehumet
Wu Jian


Message History

Okay, then.
Unknown command.
The kobold brigand throws a curare-tipped dart.
The curare-tipped dart closely misses you.
The kobold brigand throws a curare-tipped dart.
The curare-tipped dart hits you.
You are poisoned.
You have difficulty breathing.
You feel yourself slow down.
Casting: Mephitic Cloud (dangerous; 10% risk of failure)
Confirm with . or Enter, or press ? or * to list all spells.
A metallic apparition takes form in the air.
You feel very sick.
You feel sick.
The kobold brigand throws a curare-tipped dart.
The curare-tipped dart hits you.
You are more poisoned.
You have difficulty breathing.
You feel as though you will be slow longer.
You feel very sick.
The kobold brigand throws a curare-tipped dart.
The curare-tipped dart hits your iron imp.
Unknown command.
You feel very sick.
Your iron imp misses the kobold brigand.
The kobold brigand throws a curare-tipped dart.
The curare-tipped dart closely misses your iron imp.
The curare-tipped dart hits you.
You are lethally poisoned!
You have difficulty breathing.
* * * LOW HITPOINT WARNING * * *
You feel as though you will be slow longer.
Casting: Call Imp (safe; 3% risk of failure)
Confirm with . or Enter, or press ? or * to list all spells.
Aiming: Mephitic Cloud (dangerous; 10% risk of failure)
Press: ? - help, Shift-Dir - straight line, f - kobold brigand
Aim: a kobold brigand, wielding a +0 war axe and quivering curare-tipped darts (ally target, chance to affect: 77%)
You miscast Mephitic Cloud.
You are very lightly contaminated with residual magic.
Nothing appears to happen.
You die...

#.(.# ####..)####
##~.(.(((.~##
#####~~....(..~~###
#....~~.......~~....
#.###~~.......~~###.
#....~~.......~~....
#.###~~.......~~###.
#....~~.....@.~~....
#.###~~.......~~###.
#....~~.......~~....
#.###~~.....5.~~###.
#....~~....KK.~~...
#####~~.....o.~~###
##~...K...~##
####'''####
##.....##


You could see an orc warrior, 3 kobold brigands and a friendly iron imp
(summoned).

Vanquished Creatures
  Sigmund (D:4)
  An orc warrior (Bailey)
  3 kobold brigands (Bailey)
  An orc priest (D:4)
  3 hounds (D:4)
  Terence (D:3)
  An orc wizard (D:4)
  9 adders
  2 worms
  3 dart slugs
  9 orcs
  11 endoplasms
  5 giant cockroaches
  5 goblins
  11 hobgoblins
  2 quokkas
  6 ball pythons
  9 bats
  A frilled lizard (D:1)
  15 kobolds
  8 rats
107 creatures vanquished.

Notes
Turn   | Place    | Note
-------+----------+-------------------------------------------
     0 | D:1      | pokeman the Deep Elf Hedge Wizard began the quest for the
                  | Orb.
     0 | D:1      | Reached XP level 1. HP: 10/10 MP: 7/7
    16 | D:1      | Got Sif Muna's Discursus on Locality and the Gargoyle
   201 | D:1      | Reached XP level 2. HP: 15/15 MP: 2/9
   898 | D:1      | Reached skill level 5 in Spellcasting
  1062 | D:1      | Reached XP level 3. HP: 20/20 MP: 2/11
  1066 | D:1      | Learned a level 3 spell: Mephitic Cloud
  1069 | D:1      | Learned a level 2 spell: Call Imp
  1072 | D:1      | Learned a level 2 spell: Blink
  1670 | D:2      | Reached skill level 1 in Fighting
  1670 | D:2      | Reached skill level 1 in Armour
  1734 | D:2      | Found a faded altar of an unknown god.
  2177 | D:2      | Reached XP level 4. HP: 25/25 MP: 8/13
  2325 | D:3      | Found a sparkling altar of Nemelex Xobeh.
  2353 | D:3      | Noticed Terence
  2371 | D:3      | Killed Terence
  2480 | D:3      | Found a radiant altar of Vehumet.
  2487 | D:3      | Became a worshipper of Vehumet
  2657 | D:3      | Reached skill level 6 in Spellcasting
  2752 | D:3      | Reached XP level 5. HP: 29/29 MP: 11/15
  3647 | D:4      | Reached skill level 1 in Poison Magic
  3742 | D:4      | Noticed Sigmund
  3747 | D:4      | Reached skill level 1 in Air Magic
  3755 | D:4      | Reached XP level 6. HP: 26/34 MP: 7/17
  3759 | D:4      | Killed Sigmund
  3760 | D:4      | Reached skill level 1 in Shields
  3760 | D:4      | Reached skill level 7 in Spellcasting
  3761 | D:4      | Reached * piety under Vehumet
  3761 | D:4      | Offered knowledge of Shock by Vehumet.
  4457 | D:5      | Entered Level 5 of the Dungeon
  4459 | D:5      | You fall into a shaft and drop 3 floors!
  4472 | D:7      | Noticed an ice beast
  4472 | D:7      | Found an ornate altar of the Wu Jian Council.
  4528 | D:7      | Found a flagged portal.
  4545 | Bailey   | Entered a bailey
  4557 | Bailey   | Reached XP level 7. HP: 38/38 MP: 18/20
  4631 | Bailey   | Reached skill level 8 in Spellcasting
  4829 | Bailey   | Succumbed to a kobold brigand's curare-tipped dart

Illustrated notes

Levels and vault maps discovered:
D:1:      matt_arrival_los_fun, layout_rooms, st_stairs_4, minmay_bisected
D:2:      layout_loops_ring, nicolae_ecumenical_oubliette, minmay_cupped
D:3:      layout_loops_ring, nicolae_vehumet_altar_sigil,
          nemelex_xobeh_ov_fountains_minmay, st_stairs_6, uniq_terence
D:4:      layout_basic, uniq_sigmund
D:5:      layout_loops_ring, kennysheep_mini_moat, nzn_hepliaklqana_mist_gate,
          mainiacjoe_overflow_six_doors_small
D:7:      layout_basic, nzn_wu_jian_council_hall,
          minmay_temple_entry_antechambers, enter_bailey_4, serial_shops,
          nicolae_shop_crystal, nicolae_shop_bloodbath_and_beyond,
          nicolae_shop_statue_plus, shop, nicolae_shop_behind_doors
D:8:      layout_basic, overflow_temple_1_default
Bailey:   bailey_axe_3, bailey

Skill      XL: |  1  2  3  4  5  6  7 |
---------------+----------------------+-----
Spellcasting   | 5 6 7 8 |  8.4
Fighting       | 1 |  1.0
Armour         | 1 |  1.0
Conjurations   | 2 3 4 |  4.1
Stealth        | 3 |  3.0
Dodging        | 3 |  3.0
Poison Magic   | 1 |  1.0
Air Magic      | 1 |  1.1
Shields        | 1 2 |  2.1
Summonings     | 2 3 |  3.0
Translocations | |  1.1

Action                   |  1- 3 |  4- 6 |  7- 9 || total
-------------------------+-------+-------+-------++-------
Melee: Dagger            |    18 |       |       ||    18
       Short sword       |     1 |    48 |    19 ||    68
 Cast: Magic Dart        |   112 |    97 |     8 ||   217
       Call Imp          |     2 |     2 |     2 ||     6
       Mephitic Cloud    |       |    10 |     4 ||    14
 Stab: Confused          |       |     6 |     4 ||    10
       Sleeping          |       |     1 |       ||     1
Armor: Robe              |     7 |     6 |     1 ||    14
Dodge: Dodged            |    25 |    27 |    15 ||    67

Table legend: (Time is in decaauts)
 A = Elapsed time spent in this place.
 B = Non-inter-level travel time spent in this place.
 C = Inter-level travel time spent in this place.
 D = Time resting spent in this place.
 E = Time spent auto-exploring this place.
 F = Levels seen in this place.
 G = Mean time per level.
                   A        B        C        D        E       F      G
               +--------+--------+--------+--------+--------+-----+--------+
         Total |   4834 |   4702 |    132 |    331 |   3573 |   8 |  604.2 |
       Dungeon |   4546 |   4414 |    132 |    265 |   3450 |   7 |  649.4 |
        Bailey |    288 |    288 |      0 |     66 |    123 |   1 |  288.0 |
               +--------+--------+--------+--------+--------+-----+--------+

Top non-repeatable levels by time:
     D:1: 1248 daAuts
     D:2: 1076 daAuts
     D:4: 1075 daAuts
     D:3: 1055 daAuts
  Bailey: 288 daAuts
     D:7: 76 daAuts
     D:8: 12 daAuts
     D:5: 1 daAuts
